 Dungeon Crawl Stone Soup version 0.27-a0-1136-g0b992a5a9d (webtiles) character file.

Game seed: 10483010001089882772

23 HoaS the Shooter (level 2, -5/17 HPs)
             Began as a Tengu Hunter on May 5, 2021.
             Slain by Sigmund
             ... wielding a +0 scythe
              (8 damage)
             ... on level 2 of the Dungeon.
             The game lasted 00:05:35 (1910 turns).

HoaS the Shooter (Tengu Hunter)                     Turns: 1910, Time: 00:05:36

Health: -5/17      AC:  5    Str: 12    XL:     2   Next: 95%
Magic:  3/3        EV: 11    Int: 11    God:
Gold:   80         SH:  0    Dex: 14    Spells: 1/1 levels left

rFire    . . .     SeeInvis .   w - +5 whip
rCold    . . .     Faith    .   (no shield)
rNeg     . . .     Spirit   .   g - +0 ring mail
rPois    .         Reflect  .   (helmet restricted)
rElec    .         Harm     .   (no cloak)
rCorr    .         Rampage  .   (no gloves)
Will     .....                  (boots unavailable)
Stlth    +.........             (no amulet)
HPRegen  0.05/turn              (no ring)
MPRegen  0.08/turn              (no ring)

@: no status effects
A: beak, talons 3
a: no special abilities


You were on level 2 of the Dungeon.
You visited 1 branch of the dungeon, and saw 2 of its levels.

You collected 80 gold pieces.

Inventory:

Hand Weapons
 q - a +1 shortbow
 w - a +5 whip (weapon)
Missiles
 b - an atropa-tipped dart (quivered)
 d - 40 arrows
Armour
 g - a +0 ring mail (worn)
Potions
 a - a potion of lignification {unknown}
 c - a potion of heal wounds {unknown}
 f - a potion of berserk rage {unknown}
 h - a potion of flight {unknown}


   Skills:
 - Level 2.0 Fighting
 * Level 5.2 Bows
 + Level 0.7 Armour
 - Level 2.1 Dodging
 - Level 1.0 Stealth


You had one spell level left.
You didn't know any spells.
Your spell library was empty.

Dungeon Overview and Level Annotations

Branches:
Dungeon (2/15)

Altars:

Annotations:
D:2 Sigmund


Innate Abilities, Weirdness & Mutations

You have a beak for a mouth.
You have claws for feet.


Message History

There is an open door here.
Sigmund points at you and mumbles some strange words.
You are confused.
You're too confused to move!
Non-targeted confused throw: 4 darts (atropa)
Press: ? - help, Dir - look around, f - activate
Okay, then.
Unknown command.
Unknown command.
Unknown command.
Unknown command.
Unknown command.
Unknown command.
You feel less confused.
Throw: 4 darts (atropa)
Press: ? - help, Shift-Dir - straight line, f - Sigmund
Aim: Sigmund, wielding a +0 scythe and wearing a +0 robe (55% to hit, chance to blind on hit: 75%)
You throw an atropa-tipped dart.
The atropa-tipped dart closely misses Sigmund.
Sigmund casts a spell at you. The puff of flame hits you.
Throw: 3 darts (atropa)
Press: ? - help, Shift-Dir - straight line, f/p - Sigmund
Aim: Sigmund, wielding a +0 scythe and wearing a +0 robe (55% to hit, chance to blind on hit: 75%)
You throw an atropa-tipped dart.
The atropa-tipped dart closely misses Sigmund.
Throw: 2 darts (atropa)
Press: ? - help, Shift-Dir - straight line, f/p - Sigmund
Aim: Sigmund, wielding a +0 scythe and wearing a +0 robe (55% to hit, chance to blind on hit: 75%)
You throw an atropa-tipped dart.
The atropa-tipped dart closely misses Sigmund.
Sigmund points at you and mumbles some strange words.
You resist with significant effort. Sigmund hits you with a +0 scythe.
* * * LOW HITPOINT WARNING * * *
You hit Sigmund. You peck Sigmund.
Sigmund is moderately wounded.
Sigmund is suddenly surrounded by pale blue light.
Sigmund hits you with a +0 scythe!
You die...

#..........).......,*
#......
#.########'########**
####### #.# #.#
#.########'### #
#.#..........###########** #
#.#..........#......(...,* #
# #.#..<.......'......(...,*
# #
#.#..........#..........,* #
###.#...........@@........,*
#
....#...........##'#######**
# #####...........##.# #
#...........##.# #
###########.##@#********** #
#.....,,,,,,,,,* #
####@.,,,,,,,,,* #
#...,,,,,,,,* #
#...,,>,,,,,* #


You could see Sigmund.

Vanquished Creatures
  2 dart slugs (D:2)
  2 bats (D:2)
  2 endoplasms
  2 goblins
  2 hobgoblins (D:1)
  A quokka (D:1)
  2 ball pythons
  4 kobolds
  2 rats (D:1)
19 creatures vanquished.

Notes
Turn   | Place    | Note
-------+----------+-------------------------------------------
     0 | D:1      | HoaS the Tengu Hunter began the quest for the Orb.
     0 | D:1      | Reached XP level 1. HP: 12/12 MP: 2/2
   418 | D:1      | Reached XP level 2. HP: 17/17 MP: 3/3
   807 | D:1      | Found a faded altar of an unknown god.
  1172 | D:2      | Reached skill level 5 in Bows
  1896 | D:2      | Noticed Sigmund
  1910 | D:2      | Slain by Sigmund

Illustrated notes

Levels and vault maps discovered:
D:1:      psy_arrival_radial01, layout_loops_corners,
          shapermc_ecumenical_altar_flowoftime, minmay_misc_feat_x
D:2:      layout_basic, kennysheep_generic_room_13, uniq_sigmund

Skill      XL: |  1  2 |
---------------+-------+-----
Bows           | 5 |  5.2
Fighting       | |  2.0
Armour         | |  0.7
Dodging        | |  2.1
Stealth        | |  1.0

Action                   || total
-------------------------++-------
Melee: Short sword       ||    35
       Kick              ||    13
       Peck              ||     7
       Whip              ||     1
Throw: Dart              ||     3
  Use: Scroll            ||     4
 Stab: Sleeping          ||     2
Armor: Leather armour    ||     1
       Ring mail         ||     3
Dodge: Dodged            ||    25

Table legend: (Time is in decaauts)
 A = Elapsed time spent in this place.
 B = Non-inter-level travel time spent in this place.
 C = Inter-level travel time spent in this place.
 D = Time resting spent in this place.
 E = Time spent auto-exploring this place.
 F = Levels seen in this place.
 G = Mean time per level.
                   A        B        C        D        E       F      G
               +--------+--------+--------+--------+--------+-----+--------+
         Total |   1911 |   1845 |     66 |    643 |   1032 |   2 |  955.5 |
       Dungeon |   1911 |   1845 |     66 |    643 |   1032 |   2 |  955.5 |
               +--------+--------+--------+--------+--------+-----+--------+

Top non-repeatable levels by time:
     D:1: 961 daAuts
     D:2: 949 daAuts
